 Dungeon Crawl Stone Soup version 0.25.1-11-g244df3a29b (webtiles) character file.

Game seed: 2301878077570575244

116689 DeepDeath the Basher (level 16, -9/103 HPs)
             Began as a Gargoyle Abyssal Knight on Jan 15, 2024.
             Was the Champion of Lugonu.
             Mangled by an orc knight
             ... wielding a +0 battleaxe
              (22 damage)
             ... on level 1 of the Orcish Mines.
             The game lasted 02:09:03 (30424 turns).

DeepDeath the Basher (Gargoyle Abyssal Knight)     Turns: 30424, Time: 02:09:03

Health: -9/103     AC: 33    Str: 21    XL:     16   Next: 72%
Magic:  0/23       EV: 12    Int: 15    God:    Lugonu [******]
Gold:   661        SH:  0    Dex: 15    Spells: 15/15 levels left

rFire    . . .     SeeInvis +   w - +5 dire flail (freeze)
rCold    . . .     Gourm    .   (shield currently unavailable)
rNeg     + + +     Faith    .   i - +2 chain mail "Olyips" {rN+ MR+ Dex+4 SInv}
rPois    ∞         Spirit   +   n - +0 helmet
rElec    +         Reflect  .   K - +2 cloak {rCorr}
rCorr    +         Harm     .   p - +0 pair of gloves
MR       +++..     Clarity  +   (no boots)
Stlth    ..........             y - amulet of guardian spirit
HPRegen  0.27/turn              E - ring of positive energy
MPRegen  0.18/turn              k - ring of protection from magic

@: berserk cooldown, slowed, studying Armour, very slow
A: big wings, agile 1, blurry vision 1, clarity, negative energy resistance 1,
electricity resistance, wild magic 1, unbreathing, evolution 1, petrification
resistance, rot immunity, AC +12
a: Fly, Depart the Abyss, Bend Space, Banish, Corrupt, Enter the Abyss, Brand
Weapon With Distortion, Renounce Religion


You were on level 1 of the Orcish Mines.
You worshipped Lugonu.
Lugonu was exalted by your worship.
You were not hungry.

You visited 3 branches of the dungeon, and saw 23 of its levels.
You visited the Abyss 1 time.
You also visited: Volcano.

You collected 2261 gold pieces.
You spent 1600 gold pieces at shops.

Inventory:

Hand Weapons
 j - a +4 battleaxe
 q - a +0 hand crossbow
 s - a +1 battleaxe of flaming
 w - a +5 dire flail of freezing (weapon)
Missiles
 x - 47 bolts
 B - 32 boomerangs
 D - 28 poisoned darts
 J - 3 javelins (quivered)
 Q - 3 throwing nets
 Z - 7 curare-tipped darts
Armour
 i - the +2 chain mail "Olyips" (worn) {rN+ MR+ Dex+4 SInv}
   (You bought it in a shop on level 2 of the Orcish Mines)

   It affects your dexterity (+4).
   It protects you from negative energy.
   It affects your resistance to hostile enchantments.
   It lets you see invisible.
 n - a +0 helmet (worn)
 p - a +0 pair of gloves (worn)
 K - a +2 cloak of preservation (worn)
 M - a +3 scale mail of fire resistance
 O - a +1 chain mail of cold resistance
Jewellery
 d - an uncursed ring of fire
 k - a ring of protection from magic (right hand)
 y - an amulet of guardian spirit (around neck)
 E - a ring of positive energy (left hand)
 F - an uncursed amulet of reflection
 G - an uncursed ring of see invisible
 S - an uncursed ring of positive energy
Wands
 o - a wand of disintegration (10)
 t - a wand of digging (6)
 A - a wand of acid (1)
 H - a wand of polymorph (31)
 R - a wand of flame (38)
 T - a wand of iceblast (9)
Scrolls
 a - 5 scrolls of remove curse
 g - a scroll of fear
 l - a scroll of teleportation
 m - 2 scrolls of fog
 u - 2 scrolls of noise
 C - a scroll of blinking
 Y - a scroll of magic mapping
Potions
 b - 2 potions of heal wounds
 c - 7 potions of curing
 h - 5 potions of brilliance
 v - 5 potions of magic
 L - a potion of stabbing
 U - 2 potions of haste
 V - a potion of berserk rage
 W - 2 potions of cancellation
Books
 r - a manual of Armour
Miscellaneous
 z - a phial of floods
 I - a lightning rod (4/4)
 N - a phantom mirror
Comestibles
 f - 35 rations


   Skills:
 * Level 12.7 Fighting
 - Level 11.7(14.1) Axes
 - Level 14.2(16.0) Maces & Flails
 + Level 8.6 Crossbows
 - Level 2.0 Throwing
 * Level 12.9 Armour
 + Level 6.5 Dodging
 - Level 2.0 Stealth
   Level 5.0 Shields
 + Level 10.5 Invocations
 - Level 2.0 Evocations


You had 15 spell levels left.
You didn't know any spells.
Your spell library contained the following spells:

 Spells                   Type           Power        Failure   Level  Hunger
 Corona                   Hex            #......      88%         1    ##.....
 Magic Dart               Conj           #...         88%         1    ##.....
 Summon Small Mammal      Summ           #...         88%         1    ##.....
 Blink                    Tloc           N/A          95%         2    ###....
 Call Imp                 Summ           #.......     95%         2    ###....
 Ensorcelled Hibernation  Hex/Ice        #.....       95%         2    ###....
 Slow                     Hex            #.......     95%         2    ###....
 Call Canine Familiar     Summ           #.......     99%         3    ####...
 Confusing Touch          Hex            #.......     99%         3    ####...
 Conjure Flame            Conj/Fire      #.......     99%         3    ####...
 Dazzling Flash           Conj/Hex       #.....       99%         3    ####...
 Ignite Poison            Fire/Tmut/Pois #.......     99%         3    ####...
 Mephitic Cloud           Conj/Pois/Air  #.......     99%         3    ####...
 Summon Guardian Golem    Hex/Summ       #.......     99%         3    ####...
 Tukima's Dance           Hex            #.......     99%         3    ####...
 Summon Ice Beast         Ice/Summ       #.......     100%        4    #####..
 Summon Lightning Spire   Summ/Air       #.......     100%        4    #####..
 Borgnjor's Vile Clutch   Necr/Erth      #.........   100%        5    ######.
 Fireball                 Conj/Fire      #.........   100%        5    ######.
 Silence                  Hex/Air        #.........   100%        5    ######.
 Darkness                 Hex            #.........   100%        6    #######
 Shadow Creatures         Summ           N/A          100%        6    #######
 Starburst                Conj/Fire      #.........   100%        6    #######
 Ring of Flames           Chrm/Fire      #.........   100%        7    #######
 Ignition                 Fire           #.........   100%        8    #######


Dungeon Overview and Level Annotations

Branches:
Dungeon (15/15)            Temple (0/1) D:6            Lair (6/6) D:8
 Shoals (0/4) Lair:4       Spider (0/4) Lair:2        Slime (0/5) Lair:6
    Orc (2/2) D:12            Elf (0/3) Orc:2        Vaults (0/5) D:14
 Depths (0/5) D:15        Volcano (visited)

Altars:
Ashenzari
Kikubaaqudgha
Qazlal
Ru
Sif Muna
Trog
Vehumet
Xom
Zin
The Shining One
Beogh

Shops:
D:12 !!=   Orc:1 :   Orc:2 [:*

Annotations:
D:8 3 runed translucent doors, phiIosophr's ghost, novice CeHu
Lair:5 1 runed translucent door
Orc:1 1 transporter
Orc:2 1 runed translucent door, pokeman's ghost, journeyman DEWz


Innate Abilities, Weirdness & Mutations

You are resistant to torment.
Your stone body is resilient. (AC +12)
You are immune to poison.
Your large and strong wings let you fly indefinitely.
You resist negative energy. (rN+)
You are resistant to electric shocks. (rElec)
You can survive without breathing.
You are immune to petrification.
You are immune to rotting.
You are agile. (Dex +2)
Scrolls take you a little longer to read.
You possess an exceptional clarity of mind.
Your spells are a little harder to cast, but a little more powerful.
You evolve.


Message History

You feel much better. The orc knight barely misses you.
The orc knight hits you with a +0 dire flail.
Unknown command.
Okay, then.
Unknown command.
Really read with blurry vision while enemies are nearby? [Y]es or [N]o only, please.
Really read with blurry vision while enemies are nearby? [Y]es or [N]o only, please.
Really read with blurry vision while enemies are nearby? [Y]es or [N]o only, please.
Really read with blurry vision while enemies are nearby?
Okay, then.
Unknown command.
Really read with blurry vision while enemies are nearby?
The orc knight hits you with a +0 dire flail!!
* * * LOW HITPOINT WARNING * * *
The two-headed ogre hits you but does no damage. x2
The orc knight hits you with a +0 battleaxe!!
You die...

..#....#...#####.§.#.^.......##
.......#....#(#[.§.##.........##
....#..#.#......$#.#...........#
#.##...#.##.8.8.##.#..........###
#.##))©#©#..._..$#©#©........#.#.
...)...#.##.8o8.##.#.............
..##...#.#o...Coo#.#.............
..######....#o#oOo§#.........#...
.## #...#####@O.#.........###. ##
##.......(.##.........####
##########.....#.....#
#.........###..## ##.#...#.##
#...# ####...## ##.## ##.## ###
###


You could see 2 orc knights, an ettin, 2 two-headed ogres, 2 orc priests and an
orc (strong).

Vanquished Creatures
  Louise (D:14)
  Nessos (D:14)
  Azrael (D:14)
  2 fire dragons
  8 hydras
  8 vault guards (D:14)
  2 catoblepae (Lair:6)
  Harold (Lair:2)
  3 centaur warriors
  20 two-headed ogres
  5 death yaks
  5 ogre magi
  A tengu warrior (D:14)
  3 orc high priests
  Sonja (D:12)
  An unseen horror (shapeshifter) (D:15)
  2 skeletal warriors (D:15)
  7 unseen horrors
  A flayed ghost (D:15)
  A wizard (D:15)
  3 lindwurms
  An orc knight (Orc:1)
  10 ugly things (D:14)
  A stone giant zombie (D:15)
  A necromancer (D:15)
  An orc sorcerer (Orc:2)
  3 cyclopes
  An orb spider (Lair:2)
  4 oklob plants (Lair:1)
  4 manticores
  3 centaur zombies (D:14)
  17 elephants
  7 black mambas
  9 spiny frogs
  A molten gargoyle (Lair:5)
  3 torpor snails
  3 gargoyles
  Maggie (Lair:1)
  15 rime drakes (Lair:6)
  5 komodo dragons
  A freezing wraith (D:15)
  4 kobold demonologists
  2 efreet
  3 tengu conjurers
  2 trolls
  A harpy skeleton (D:14)
  4 dream sheep
  5 blink frogs
  An ice dragon zombie (D:15)
  6 hippogriffs
  A spriggan zombie (D:15)
  An ettin zombie (D:15)
  11 slime creatures
  A vampire (D:13)
  A shadow (D:11)
  2 wraiths
  2 wyverns
  A tarantella (shapeshifter) (D:13)
  34 yaks
  Eustachio (D:5)
  Grum (D:8)
  12 fire bats
  A fire elemental (D:14)
  A basilisk (Lair:5)
  5 hungry ghosts
  15 steam dragons
  3 vampire mosquitoes (D:15)
  A warg (Orc:1)
  An acid dragon (D:15)
  2 soldier ants
  13 water moccasins
  4 hell hounds (D:14)
  21 orc warriors
  7 porcupines
  2 ice beasts
  A hornet zombie (D:14)
  A phantom (D:9)
  2 sky beasts
  2 black bears (D:7)
  39 ogres
  An eye of draining (D:15)
  18 crocodiles
  15 centaurs
  4 wolves
  24 big kobolds
  19 bullfrogs
  6 scorpions
  A wyvern skeleton (D:12)
  3 spriggan skeletons (D:10)
  4 electric eels (Lair:5)
  A troll skeleton (D:10)
  15 wights
  4 howler monkeys (D:8)
  8 crimson imps
  A bullfrog zombie (D:10)
  7 hounds
  15 orc priests
  2 jellies
  5 centaur skeletons
  16 orc wizards
  Crazy Yiuf (D:7)
  Jessica (D:3)
  6 iguanas
  Ijyb (D:3)
  Natasha (thrice) (D:4)
  11 worker ants
  A statue (D:8)
  2 killer bee zombies
  A hound zombie (D:10)
  A howler monkey zombie (D:6)
  2 worker ant zombies (D:10)
  6 gnolls
  9 adders
  A shadow imp (D:10)
  2 oozes
  An adder skeleton (D:6)
  3 dart slugs (D:2)
  2 worms (D:2)
  7 leopard geckos
  70 orcs
  A ball python (D:3)
  9 bats
  6 giant cockroaches
  10 goblins
  6 hobgoblins
  14 jackals
  24 kobolds
  A quokka (D:3)
  5 frilled lizards
  A jackal zombie (D:8)
  A leopard gecko skeleton (D:8)
  A quokka zombie (D:7)
  7 rats
  A plant (Lair:6)
  A withered plant (D:15)
773 creatures vanquished.

Vanquished Creatures (collateral kills)
  Rupert (Lair:4)
1 creature vanquished.

Vanquished Creatures (others)
  A rime drake (Lair:6)
  A worker ant (D:8)
  A kobold (D:15)
  A bush (D:8)
  12 fungi
  27 plants
  4 starspawn tentacles (Abyss:1)
47 creatures vanquished.

Grand Total: 821 creatures vanquished

Notes
Turn   | Place    | Note
-------+----------+-------------------------------------------
     0 | Abyss:1  | DeepDeath the Gargoyle Abyssal Knight began the quest for
                  | the Orb.
     0 | Abyss:1  | Reached XP level 1. HP: 14/14 MP: 2/2
    45 | Abyss:1  | Noticed a tentacled starspawn
    71 | D:1      | Escaped the Abyss
   400 | D:1      | Reached XP level 2. HP: 15/19 MP: 3/3
   438 | D:1      | Reached * piety under Lugonu
   440 | D:1      | Reached skill level 3 in Maces & Flails
   712 | D:1      | Reached XP level 3. HP: 20/23 MP: 4/4
  1040 | D:1      | You fall into a shaft and drop 1 floor!
  1130 | D:2      | Reached skill level 4 in Maces & Flails
  1342 | D:2      | Reached XP level 4. HP: 28/28 MP: 5/5
  1384 | D:2      | Reached ** piety under Lugonu
  2135 | D:3      | Noticed Ijyb
  2154 | D:3      | Killed Ijyb
  2154 | D:3      | Reached skill level 1 in Shields
  2154 | D:3      | Reached XP level 5. HP: 26/32 MP: 6/6
  2167 | D:3      | Reached skill level 5 in Maces & Flails
  2359 | D:3      | Noticed Jessica
  2367 | D:3      | Killed Jessica
  2924 | D:4      | Noticed an ogre
  2936 | D:4      | Killed an ogre
  2936 | D:4      | Reached skill level 1 in Throwing
  2936 | D:4      | Reached XP level 6. HP: 37/37 MP: 7/7
  3102 | D:4      | Reached skill level 6 in Maces & Flails
  3209 | D:4      | Noticed Natasha
  3211 | D:4      | Killed Natasha
  3301 | D:4      | Reached XP level 7. HP: 41/41 MP: 8/8
  3632 | D:4      | Noticed Natasha
  3641 | D:4      | Killed Natasha
  3835 | D:4      | Noticed Natasha
  3844 | D:4      | Killed Natasha
  3859 | D:5      | Entered Level 5 of the Dungeon
  3987 | D:5      | Noticed Eustachio
  4137 | D:5      | Reached skill level 7 in Maces & Flails
  4296 | D:5      | Found a shattered altar of Ashenzari.
  4451 | D:5      | Killed Eustachio
  4482 | D:6      | Found a staircase to the Ecumenical Temple.
  4492 | D:6      | Reached *** piety under Lugonu
  4553 | D:6      | Reached XP level 8. HP: 44/46 MP: 9/9
  4655 | D:6      | Reached skill level 1 in Evocations
  4669 | D:6      | Reached skill level 1 in Stealth
  4760 | D:6      | Reached skill level 8 in Maces & Flails
  5077 | D:7      | Reached skill level 1 in Dodging
  5216 | D:7      | Noticed a hippogriff
  5224 | D:7      | Killed a hippogriff
  5224 | D:7      | Reached skill level 9 in Maces & Flails
  5301 | D:7      | Reached XP level 9. HP: 31/51 MP: 6/12
  5362 | D:7      | Found a bloodstained altar of Trog.
  5466 | D:7      | Found a stormy altar of Qazlal.
  5596 | D:7      | Found a runed translucent door.
  5597 | D:7      | Noticed Crazy Yiuf
  5943 | D:7      | Killed Crazy Yiuf
  5943 | D:7      | Reached skill level 10 in Maces & Flails
  6088 | D:8      | Noticed a two-headed ogre
  6105 | D:8      | Killed a two-headed ogre
  6328 | D:8      | Reached **** piety under Lugonu
  6378 | D:8      | Found a glowing silver altar of Zin.
  6536 | D:8      | Found a runed translucent gate.
  6536 | D:8      | Found a runed translucent gate.
  6536 | D:8      | Found a runed translucent gate.
  6536 | D:8      | Noticed phiIosophr's ghost (novice CeHu)
  6552 | D:8      | Reached skill level 5 in Shields
  6608 | D:8      | Reached skill level 5 in Invocations
  6608 | D:8      | Reached XP level 10. HP: 55/56 MP: 11/13
  6625 | D:8      | Reached skill level 5 in Armour
  6628 | D:8      | Reached skill level 11 in Maces & Flails
  6754 | D:8      | Reached skill level 12 in Maces & Flails
  6822 | D:8      | Noticed a three-headed hydra
  6835 | D:8      | Killed a three-headed hydra
  6919 | D:8      | Noticed Grum
  6920 | D:8      | Found a staircase to the Lair.
  6954 | D:8      | Killed Grum
  7521 | D:8      | Reached XP level 11. HP: 60/61 MP: 12/14
  7642 | D:8      | Found a radiant altar of Vehumet.
  7698 | D:8      | Found a glowing golden altar of the Shining One.
  7699 | D:8      | Found an ancient bone altar of Kikubaaqudgha.
  7748 | D:8      | Found a shimmering altar of Xom.
  8335 | D:9      | Reached skill level 1 in Axes
  8341 | D:9      | Reached ***** piety under Lugonu
  8361 | D:9      | Reached skill level 13 in Maces & Flails
  8777 | D:10     | Entered Level 10 of the Dungeon
  9651 | Lair:1   | Entered Level 1 of the Lair of Beasts
  9778 | Lair:1   | Noticed a five-headed hydra
  9799 | Lair:1   | Killed a one-headed hydra
  9799 | Lair:1   | Reached skill level 5 in Axes
  9891 | Lair:1   | Noticed an oklob plant
  9891 | Lair:1   | Noticed an oklob plant
  9939 | Lair:1   | Noticed an oklob plant
  9945 | Lair:1   | Noticed an oklob plant
 10055 | Lair:1   | Reached XP level 12. HP: 62/66 MP: 13/15
 10070 | Lair:1   | Reached skill level 1 in Crossbows
 10114 | Lair:1   | Noticed a five-headed hydra
 10124 | Lair:1   | Killed a one-headed hydra
 10982 | Lair:1   | Reached skill level 5 in Fighting
 11023 | Lair:1   | Noticed Maggie
 11204 | Lair:2   | Noticed Harold
 11214 | Lair:2   | Killed Harold
 11262 | Lair:2   | Found a hole to the Spider Nest.
 11477 | Lair:2   | Noticed a six-headed hydra
 11490 | Lair:2   | Killed a one-headed hydra
 11810 | Lair:2   | Found a bloodstained altar of Trog.
 12026 | Lair:2   | Noticed a five-headed hydra
 12033 | Lair:2   | Killed a one-headed hydra
 12201 | Lair:1   | Killed Maggie
 13277 | Lair:3   | Reached XP level 13. HP: 40/74 MP: 9/18
 14706 | Lair:4   | Found a staircase to the Shoals.
 15021 | Lair:4   | Noticed Rupert
 15035 | Lair:4   | Killed Rupert
 15907 | Lair:5   | Reached skill level 10 in Axes
 16144 | Lair:5   | Found a runed translucent door.
 16793 | Lair:2   | Gained mutation: Scrolls take you a little longer to read.
                  | [potion of mutation]
 16793 | Lair:2   | Gained mutation: You evolve. [potion of mutation]
 16793 | Lair:2   | Gained mutation: You possess an exceptional clarity of
                  | mind. [potion of mutation]
 17322 | D:11     | Reached skill level 10 in Armour
 18084 | D:12     | Found a staircase to the Orcish Mines.
 18260 | D:12     | Reached ****** piety under Lugonu
 18300 | D:12     | Found Ysuskitu's Distillery.
 18327 | D:12     | Gained mutation: Your large and strong wings let you fly
                  | indefinitely. [Gargoyle growth]
 18327 | D:12     | Reached XP level 14. HP: 55/84 MP: 13/20
 18444 | D:12     | Bought 2 potions of might for 128 gold pieces
 18444 | D:12     | Bought a potion of haste for 160 gold pieces
 18522 | D:12     | Found Ohirr's Jewellery Boutique.
 18527 | D:12     | Bought an uncursed ring of protection from magic for 300
                  | gold pieces
 18527 | D:12     | Bought an uncursed ring of see invisible for 180 gold
                  | pieces
 18623 | D:12     | Noticed Sonja
 18641 | D:12     | Killed Sonja
 18880 | D:12     | Found Oshamnis's Distillery.
 18882 | D:12     | Bought a potion of cancellation for 96 gold pieces
 18882 | D:12     | Bought a potion of heal wounds for 60 gold pieces
 18882 | D:12     | Bought a potion of heal wounds for 60 gold pieces
 18882 | D:12     | Bought a potion of heal wounds for 60 gold pieces
 19432 | Orc:1    | Entered Level 1 of the Orcish Mines
 19477 | Orc:1    | Found Gukiolai's Book Shoppe.
 19620 | Orc:2    | Entered Level 2 of the Orcish Mines
 19622 | Orc:2    | Found a staircase to the Elven Halls.
 19651 | Orc:2    | Found a runed translucent door.
 19651 | Orc:2    | Found a shimmering altar of Xom.
 19651 | Orc:2    | Noticed pokeman's ghost (journeyman DEWz)
 19688 | Orc:1    | Found a bloodstained altar of Trog.
 20249 | Orc:1    | Found a transporter.
 20251 | Orc:1    | Found a transporter.
 20254 | Orc:1    | Found a roughly hewn altar of Beogh.
 20486 | Orc:2    | Paralysed by an orc sorcerer for 4 turns
 20929 | Orc:2    | Reached skill level 5 in Crossbows
 21296 | Orc:2    | Reached skill level 10 in Fighting
 21559 | Orc:2    | Found Ucoutwaz's Antique Armour Shoppe.
 21559 | Orc:2    | Found Bocau's Book Boutique.
 21560 | Orc:2    | Found Eschoishru's Food Boutique.
 21560 | Orc:2    | Found Ykienwum's General Store.
 21627 | Orc:2    | Bought a fading chain mail for 256 gold pieces
 21915 | Orc:2    | Identified the +2 chain mail "Olyips" {rN+ MR+ Dex+4 SInv}
                  | (You bought it in a shop on level 2 of the Orcish Mines)
 22280 | Lair:6   | Entered Level 6 of the Lair of Beasts
 22365 | Lair:6   | Reached XP level 15. HP: 22/92 MP: 3/21
 22471 | Lair:6   | Found a dark tunnel.
 22501 | Volcano  | Entered a volcano
 22774 | Volcano  | Reached skill level 14 in Maces & Flails
 23507 | Lair:6   | Got an ancient ring mail
 23664 | Lair:6   | Found a staircase to the Slime Pits.
 24072 | Lair:6   | Reached skill level 5 in Dodging
 24415 | Lair:6   | Gained mutation: Your spells are a little harder to cast,
                  | but a little more powerful. [evolution]
 24864 | Lair:6   | Reached skill level 10 in Invocations
 25491 | D:12     | Bought 2 potions of heal wounds for 120 gold pieces
 25491 | D:12     | Bought a potion of heal wounds for 60 gold pieces
 25845 | D:13     | You fall into a shaft and drop 1 floor!
 25846 | D:14     | Noticed Azrael
 25878 | D:14     | Killed Azrael
 26075 | D:14     | Got a distressingly furry chain mail
 26187 | D:14     | Found a gate to the Vaults.
 26248 | D:14     | Reached XP level 16. HP: 85/101 MP: 21/23
 26379 | D:14     | Noticed Nessos
 26391 | D:14     | Killed Nessos
 26499 | D:13     | Found a sacrificial altar of Ru.
 26762 | Lair:2   | Identified the cursed +1 chain mail "Xiemeatwo" {rElec
                  | rPois MR++ Dex-2} (You found it on level 14 of the Dungeon)
 27512 | D:14     | Noticed Louise
 27536 | D:14     | Killed Louise
 28004 | D:14     | Found a shimmering blue altar of Sif Muna.
 28487 | D:15     | Entered Level 15 of the Dungeon
 29242 | D:15     | Found a staircase to the Depths.
 29344 | D:15     | Gained mutation: You are agile. (Dex +2) [evolution]
 30041 | D:12     | Bought a potion of haste for 120 gold pieces
 30424 | Orc:1    | Mangled by an orc knight

Illustrated notes

Levels and vault maps discovered:
D:1:      heliophobic_arrival_ceremonial_halls, layout_basic,
          grunt_decor_arrowhead, hangedman_decor_lopped
D:2:      layout_basic
D:3:      layout_loops_ring, minmay_door_square, uniq_ijyb, uniq_jessica
D:4:      layout_gridville, first_ration, uniq_natasha
D:5:      layout_loops_cross, ashenzari_altar_1, uniq_eustachio
D:6:      layout_gridville, minmay_temple_entry_glass
D:7:      layout_loops_ring, nicolae_qazlal_general_emergency,
          trog_ov_bears_minmay, uniq_crazy_yiuf_cottage
D:8:      layout_rooms, vehumet_statue, nicolae_overflow_hidden_temple,
          minmay_lair_entry_grove, ebering_ghost_rock_garden, basic_altar,
          hangedman_ranch [blue_anna_fruit_fields], lemuel_flamethrower_1,
          uniq_grum
D:9:      layout_roguey [special_room_kobold], hangedman_abyss_or_decor_passed
D:10:     layout_roguey, hangedman_tell_no_tales
D:11:     layout_gridville
D:12:     layout_roguey, david_orc_3, serial_shops, nicolae_shop_waterfront,
          nicolae_shop_competitors_out_of_business, shop, uniq_sonja
D:13:     layout_irregular_city, basic_altar
D:14:     layout_loops_ring, erik_vaults_2, lemuel_blue_sif_altar,
          lemuel_flamethrower_3, uniq_louise, uniq_nessos, uniq_azrael
D:15:     gammafunk_depths_entry_grave, layout_cave_pods, serial_park_square2
Lair:1:   layout_cave_pods, nzn_random_ring, grunt_megastairs_3,
          minmay_lair_oklob_chamber, uniq_maggie
Lair:2:   layout_hall_layers, nicolae_spider_entry_orb_guardian, basic_altar,
          uniq_harold
Lair:3:   layout_chaotic_city, grunt_megastairs_5
Lair:4:   layout_regular_city, shoals_dummy_entry, uniq_rupert
Lair:5:   gammafunk_mikee_crab_dinner, layout_gridlike
Lair:6:   hangedman_lair_in_review, layout_regular_city,
          minmay_slime_entry_pillars, enter_volcano_2,
          minmay_stone_trees_medium, bobbens_dragon_lair_wall
Orc:1:    gammafunk_beogh_shrine, layout_caves, serial_shops, shop,
          trog_butcher_becter
Orc:2:    st_orc_ogre_mass, layout_diamond_mine, ebering_ghost_xom

Skill      XL: |  1  2  3  4  5  6  7  8  9 10 11 12 13 14 15 16 |
---------------+-------------------------------------------------+-----
Maces & Flails | 3 4 5 6 7 9 10 12 13 14 | 14.2
Shields        | 1 2 3 4 5 |  5.0
Throwing       | 1 2 |  2.0
Evocations     | 1 2 |  2.0
Stealth        | 2 |  2.0
Invocations    | 4 5 7 8 9 10 | 10.5
Dodging        | 1 2 4 5 6 |  6.5
Fighting       | 4 6 8 10 12 | 12.7
Armour         | 4 7 8 9 10 12 | 12.9
Axes           | 5 8 11 | 11.7
Crossbows      | 2 4 6 8 |  8.6

Action                   |  1- 3 |  4- 6 |  7- 9 | 10-12 | 13-15 | 16-18 || total
-------------------------+-------+-------+-------+-------+-------+-------++-------
Melee: Mace              |   130 |   139 |   229 |   576 |    48 |       ||  1122
       Flail             |       |       |    82 |   365 |   172 |       ||   619
       Hand axe          |       |       |       |   171 |   325 |       ||   496
       Whip              |       |       |       |       |   241 |       ||   241
       Dire flail        |       |       |       |       |   917 |   438 ||  1355
 Fire: Hand crossbow     |       |       |       |    77 |   273 |       ||   350
Throw: Stone             |       |     6 |     1 |       |       |       ||     7
       Dart              |       |     2 |     5 |    20 |    22 |    14 ||    63
       Boomerang         |       |       |    15 |    27 |    15 |       ||    57
       Javelin           |       |       |       |     3 |       |     3 ||     6
       Throwing net      |       |       |       |       |     7 |       ||     7
Invok: Depart the Abyss  |     1 |       |       |       |       |       ||     1
       Bend Space        |       |       |       |     1 |     4 |       ||     5
Evoke: Wand              |       |     2 |     9 |    15 |    27 |     3 ||    56
       Lightning rod     |       |       |       |       |     4 |       ||     4
  Use: Scroll            |     5 |     5 |     8 |    12 |    11 |     4 ||    45
       Potion            |       |       |       |     4 |    16 |     3 ||    23
 Stab: Sleeping          |       |       |     3 |     2 |     4 |       ||     9
       Invisible         |       |       |       |       |     1 |       ||     1
       Petrified         |       |       |       |       |    13 |       ||    13
       Petrifying        |       |       |       |       |     1 |       ||     1
  Eat: Chunk             |     2 |     6 |     4 |    19 |    31 |     5 ||    67
       Ration            |       |       |     2 |     4 |     4 |     3 ||    13
Armor: Leather armour    |    83 |    40 |    93 |       |       |       ||   216
       Ring mail         |       |    10 |       |       |       |       ||    10
       Scale mail        |       |       |    55 |   534 |   607 |       ||  1196
       Chain mail        |       |       |       |       |   386 |   228 ||   614
Dodge: Dodged            |   104 |    76 |   154 |   373 |   651 |   163 ||  1521
Block: Buckler           |       |       |    66 |   143 |    99 |       ||   308
